 Dungeon Crawl Stone Soup version 0.25.1-2-g60ff931df9 (webtiles) character file.

Game seed: 8911422477979756952

255 Curus the Cudgeler (level 6, -2/51 HPs)
             Began as a Hill Orc Monk on July 29, 2020.
             Was a Believer of Beogh.
             Killed by divine providence
             ... invoked by an orc priest
              (11 damage)
             ... on level 4 of the Dungeon.
             The game lasted 00:23:51 (3557 turns).

Curus the Cudgeler (Hill Orc Monk)                  Turns: 3557, Time: 00:23:52

Health: -2/51      AC:  7    Str: 14    XL:     6   Next: 15%
Magic:  6/6        EV: 11    Int: 10    God:    Beogh [**....]
Gold:   206        SH:  0    Dex: 15    Spells: 5/5 levels left

rFire    . . .     SeeInvis .   j - +0 flail
rCold    . . .     Gourm    .   (no shield)
rNeg     . . .     Faith    .   m - +0 ring mail
rPois    .         Spirit   .   e - +0 helmet
rElec    .         Reflect  .   (no cloak)
rCorr    .         Harm     .   f - +0 pair of gloves
MR       .....                  (no boots)
Stlth    ++........             (no amulet)
HPRegen  0.17/turn              i - ring of stealth
MPRegen  0.10/turn              (no ring)

@: no status effects
A: no striking features
a: Smiting, Renounce Religion


You were on level 4 of the Dungeon.
You worshipped Beogh.
Beogh was pleased with you.
You were not hungry.

You visited 1 branch of the dungeon, and saw 4 of its levels.

You collected 206 gold pieces.

Inventory:

Hand Weapons
 a - a +2 mace
 j - a +0 flail (weapon)
Armour
 b - a +0 robe
 e - a +0 helmet (worn)
 f - a +0 pair of gloves (worn)
 m - a +0 ring mail (worn)
Jewellery
 i - a ring of stealth (left hand)
Scrolls
 d - 2 scrolls of identify
 g - a scroll of remove curse
 h - 2 scrolls of teleportation
Potions
 k - 2 potions of curing
 l - a potion of flight
Comestibles
 c - 8 rations
 n - a chunk of flesh


   Skills:
 - Level 3.6 Fighting
 + Level 7.3 Maces & Flails
 - Level 2.4 Dodging
 - Level 1.5 Stealth


You had 5 spell levels left.
You didn't know any spells.
Your spell library was empty.

Dungeon Overview and Level Annotations

Branches:
Dungeon (4/15)
 Temple: D:4-7

Altars:
Vehumet
Wu Jian
The Shining One

Shops:
D:4 (

Annotations:
D:4 1 runed translucent door, 1 transporter, ruphz's ghost, novice GrEE


Message History

You thump the orc priest!
The orc priest is severely wounded.
The hound bites you but does no damage. The orc wizard casts a spell at you.
The magic dart hits you! The orc priest hits you with a +0 whip!
* * * LOW HITPOINT WARNING * * *
A worm comes into view.
An orc comes into view.
The hound closely misses you.
A frilled lizard comes into view.
The hound bites you but does no damage. The adder misses you.
Found a stone staircase leading down.
You closely miss the hound. The hound barely misses you. x2
You thump the hound!
The hound is almost dead.
The hound barely misses you.
The orc priest calls down the wrath of Beogh upon you.
Beogh smites you!
You die...
Beogh appreciates the orc priest's killing of a heretic priest.

......... #.........
########### #.......[.
.o..#.....# #.........
..........# #.........
lw.o..o(..# #.........
>...<.Soo######.........
...#+#h#...............
#@#.########'#....
#.#............###
#.#.#......o...#
#.#.#.##......># #
#...#.##..<....#
#.#####.##.......#
........##.......#
#...........####.###
.........####....#..


You could see a hound, an orc priest, 2 orc wizards and an adder.

Vanquished Creatures
  A howler monkey (D:4)
  A howler monkey skeleton (D:4)
  5 adders
  7 gnolls
  2 oozes
  3 dart slugs
  3 leopard geckos
  3 orcs (D:4)
  3 ball pythons
  4 giant cockroaches
  9 goblins
  6 hobgoblins
  7 jackals (D:1)
  7 bats
  5 frilled lizards
  6 kobolds
  8 rats
80 creatures vanquished.

Notes
Turn   | Place    | Note
-------+----------+-------------------------------------------
     0 | D:1      | Curus the Hill Orc Monk began the quest for the Orb.
     0 | D:1      | Reached XP level 1. HP: 19/19 MP: 1/1
    47 | D:1      | Reached XP level 2. HP: 21/26 MP: 2/2
   110 | D:1      | Reached skill level 4 in Maces & Flails
   315 | D:1      | Reached XP level 3. HP: 29/31 MP: 3/3
   767 | D:2      | Reached skill level 5 in Maces & Flails
   977 | D:2      | Found an ornate altar of the Wu Jian Council.
  1013 | D:2      | Reached XP level 4. HP: 39/39 MP: 4/4
  1302 | D:2      | Found a radiant altar of Vehumet.
  2088 | D:3      | Reached skill level 6 in Maces & Flails
  2088 | D:3      | Reached XP level 5. HP: 45/45 MP: 5/5
  3169 | D:4      | Found a runed translucent door.
  3171 | D:4      | Became a worshipper of Beogh the Brigand
  3171 | D:4      | Reached * piety under Beogh
  3171 | D:4      | Reached ** piety under Beogh
  3172 | D:4      | Noticed ruphz's ghost (novice GrEE)
  3268 | D:4      | Reached skill level 7 in Maces & Flails
  3268 | D:4      | Reached XP level 6. HP: 41/51 MP: 6/6
  3336 | D:4      | Found a glowing golden altar of the Shining One.
  3527 | D:4      | Found a transporter.
  3545 | D:4      | Found Xoythad's Weapon Shop.
  3557 | D:4      | Killed from afar by an orc priest

Illustrated notes

Levels and vault maps discovered:
D:1:      lightli_iron_boxes, layout_loops_ring
D:2:      layout_basic, vehumet_crystals, overflow_temple_1_default
D:3:      minmay_angry_zag, layout_basic
D:4:      gammafunk_steamed_eel, layout_basic, nicolae_tso_carved_into_rock,
          serial_shops, shop, hellmonk_ghost_happy_afterlife, first_ration,
          hangedman_decor_opposing

Skill      XL: |  1  2  3  4  5 |
---------------+----------------+-----
Maces & Flails | 4 5 6 7 |  7.3
Fighting       | |  3.6
Dodging        | |  2.4
Stealth        | |  1.5

Action                   |  1- 3 |  4- 6 || total
-------------------------+-------+-------++-------
Melee: Mace              |    89 |   108 ||   197
       Flail             |       |    24 ||    24
Invok: Convert to Beogh  |       |     1 ||     1
  Use: Scroll            |     9 |       ||     9
       Potion            |     3 |     5 ||     8
 Stab: Sleeping          |     7 |    12 ||    19
  Eat: Chunk             |       |     9 ||     9
Armor: Robe              |    28 |    25 ||    53
       Ring mail         |       |     6 ||     6
Dodge: Dodged            |    58 |   112 ||   170
